 Dungeon Crawl Stone Soup version 0.29.1-12-g30fa7ad0bf (webtiles) character file.

Game seed: 2117137222005325335

51 Peloso the Trooper (level 3, -4/33 HPs)
             Began as a Minotaur Fighter on Jan 13, 2023.
             Slain by a gnoll
             ... wielding a +0 halberd of freezing
              (11 damage)
             ... on level 1 of the Dungeon.
             The game lasted 00:03:20 (1543 turns).

Peloso the Trooper (Minotaur Fighter)               Turns: 1543, Time: 00:03:21

Health: -4/33      AC:  9    Str: 20    XL:     3   Next: 58%
Magic:  2/2        EV:  7    Int:  5    God:
Gold:   75         SH:  9    Dex: 11    Spells: 2/2 levels left

rFire   . . .      SeeInvis .   a - +0 long sword
rCold   . . .      Faith    .   d - +0 buckler
rNeg    . . .      Spirit   .   c - +0 chain mail
rPois   .          Reflect  +   (helmet restricted)
rElec   .          Harm     .   (no cloak)
rCorr   .          Rampage  .   (no gloves)
Will    .....                   (no boots)
Stlth   ..........              g - amulet of reflection
HPRegen 0.11/turn               (no ring)
MPRegen 0.08/turn               (no ring)

@: no status effects
A: horns 2, retaliatory headbutt
a: no special abilities


You were on level 1 of the Dungeon.
You visited 1 branch of the dungeon, and saw 2 of its levels.

You collected 75 gold pieces.

Inventory:

Hand Weapons
 a - a +0 long sword (weapon)
Armour
 b - a +0 scale mail
 c - a +0 chain mail (worn)
 d - a +0 buckler (worn)
Jewellery
 g - an amulet of reflection (around neck)
Wands
 i - a wand of charming (4)
Scrolls
 e - 2 scrolls of identify
 h - a scroll of silence {unknown}
 j - a scroll of fear {unknown}
 k - a scroll of teleportation {unknown}
 l - a scroll of magic mapping
 n - a scroll of blinking {unknown}
Potions
 f - a potion of might
 m - a potion of resistance


   Skills:
 + Level 4.3 Fighting
 + Level 3.5 Long Blades
 + Level 3.8 Armour
 + Level 1.0 Dodging
 + Level 3.9 Shields


You had 2 spell levels left.
You didn't know any spells.
Your spell library was empty.

Dungeon Overview and Level Annotations

Branches:
Dungeon (2/15)

Altars:
Ru


Innate Abilities, Weirdness & Mutations

You have a pair of horns on your head.
You reflexively headbutt those who attack you in melee.


Message History

You slash the gnoll!
The gnoll is severely wounded.
The gnoll hits you with a +0 halberd.
* * * LOW HITPOINT WARNING * * *
You hit the gnoll but do no damage.
The gnoll is heavily wounded.
You block the gnoll's attack. x2
You hit the gnoll.
The gnoll is almost dead.
You block the gnoll's attack.
You barely miss the gnoll.
The gnoll is almost dead.
You block the gnoll's attack.
You barely miss the gnoll.
The gnoll is almost dead.
The gnoll barely misses you. You furiously retaliate!
You headbutt the gnoll!
You kill the gnoll!
Things that are here:
a +0 halberd; a gnoll corpse
Things that are here:
a +0 halberd; a gnoll corpse You start resting.
HP restored.
There is a stone staircase leading down here.
You climb downwards.
The endoplasm quivers.
You block the gnoll's attack.
There is a stone staircase leading up here.
The gnoll hits you with a +0 halberd of freezing!
The gnoll freezes you.
You climb upwards.
There is a stone staircase leading down here.
You barely miss the gnoll.
The gnoll hits you with a +0 halberd of freezing!
The gnoll freezes you.
* * * LOW HITPOINT WARNING * * *
The gnoll hits you but does no damage.
You closely miss the gnoll.
The gnoll hits you with a +0 halberd of freezing!
You die...

# #......÷............####.# #
#............##.##..# #.#
####............##.##..# #.#
................##.##..# #†#
###.............##.##..# #)#
#.............##)##..####.#
###.............##.##.......#
..#.##############.##..###..#####
...............g@#.....#....#...#
..#.##.#.....###......###..###..#
..#....#..........###.##..## ##..
..####..##...##...# #......###...
### #..##...##...# ##..#...#...#
#.......##...# #####.....## #
#..#######...# ##._.## # ####.##
#...# ####.....##
####.....######...# #.#...#...#


You could see a gnoll.

Vanquished Creatures
  2 gnolls (D:1)
  2 bats
  An endoplasm (D:1)
  A giant cockroach (D:1)
  3 hobgoblins (D:1)
  3 jackals (D:1)
  7 kobolds (D:1)
  A quokka (D:1)
  5 ball pythons (D:1)
  A frilled lizard (D:2)
  A goblin (D:1)
  3 rats (D:1)
30 creatures vanquished.

Notes
Turn   | Place    | Note
-------+----------+-------------------------------------------
     0 | D:1      | Peloso the Minotaur Fighter began the quest for the Orb.
     0 | D:1      | Reached XP level 1. HP: 19/19 MP: 0/0
   318 | D:1      | Reached skill level 4 in Fighting
   323 | D:1      | Reached XP level 2. HP: 24/27 MP: 1/1
   433 | D:1      | HP: 1/27 [poisoned by a kobold]
   888 | D:1      | Found a faded altar of an unknown god.
   906 | D:1      | Reached skill level 1 in Dodging
   906 | D:1      | Reached XP level 3. HP: 31/33 MP: 2/2
  1261 | D:2      | Found a sacrificial altar of Ru.
  1543 | D:1      | Slain by a gnoll

Illustrated notes

Levels and vault maps discovered:
D:1:      psy_arrival_fountain, layout_basic, nicolae_ecumenical_snake_handling
D:2:      layout_loops_ring, basic_altar, hangedman_feature_mirror, uniq_sigmund

Skill      XL: |  1  2 |
---------------+-------+-----
Fighting       | 4 |  4.3
Long Blades    | 3 |  3.5
Dodging        | 1 |  1.0
Armour         | |  3.8
Shields        | |  3.9

Action                   || total
-------------------------++-------
Melee: Long sword        ||    93
       Headbutt          ||    12
Evoke: Wand              ||     1
  Use: Scroll            ||     3
Armor: Chain mail        ||    36
Dodge: Dodged            ||    27
Block: Buckler           ||    59
